 Dungeon Crawl Stone Soup version 0.29-a0-973-gac7da5f7f0 (webtiles) character file.

Game seed: 15168899365231340905

106 xian the Charlatan (level 4, -5/29 HPs)
             Began as an Octopode Artificer on Aug 1, 2022.
             Slain by a scorpion (7 damage)
             ... on level 3 of the Dungeon.
             The game lasted 00:08:31 (2865 turns).

xian the Charlatan (Octopode Artificer)             Turns: 2865, Time: 00:08:31

Health: -5/29      AC:  1    Str: 11    XL:     4   Next: 84%
Magic:  5/5        EV: 13    Int: 13    God:
Gold:   163        SH:  0    Dex: 14    Spells: 5/5 levels left

rFire   . . .      SeeInvis .   a - +0 club
rCold   . . .      Faith    .   (no shield)
rNeg    . . .      Spirit   .   (helmet restricted)
rPois   .          Reflect  .   g - amulet of the acrobat
rElec   .          Harm     .   (no ring)
rCorr   .          Rampage  .   (no ring)
Will    .....                   (no ring)
Stlth   +++.......              (no ring)
HPRegen 0.09/turn               (no ring)
MPRegen 0.09/turn               (no ring)
                                (no ring)
                                (no ring)

@: lethally poisoned (-5 -> -9), invisible
A: almost no armour, amphibious, 8 rings, camouflage 1, gelatinous body 1,
(nimble swimmer 1), tentacles
a: no special abilities


You were on level 3 of the Dungeon.
You visited 1 branch of the dungeon, and saw 3 of its levels.

You collected 163 gold pieces.

Inventory:

Hand Weapons
 a - a +0 club (weapon)
Missiles
 f - 6 poisoned darts (quivered)
 q - 2 silver javelins
Jewellery
 g - an amulet of the acrobat (around mantle)
 i - a ring of wizardry
 j - an amulet of faith
Wands
 b - a wand of flame (15)
 c - a wand of charming (15)
 d - a wand of iceblast (9)
 s - a wand of quicksilver (7)
 w - a wand of roots (5)
Scrolls
 e - a scroll of fear {unknown}
 k - 2 scrolls of vulnerability {unknown}
 o - a scroll of teleportation {unknown}
 u - a scroll of enchant weapon {unknown}
 v - a scroll of butterflies {unknown}
Potions
 h - a potion of cancellation
 l - a potion of lignification {unknown}
 m - a potion of mutation {unknown}
 n - a potion of resistance {unknown}
 p - a potion of curing {unknown}
 t - a potion of magic {unknown}
 x - a potion of haste {unknown}


   Skills:
 * Level 1.8 Fighting
 - Level 0.5 Maces & Flails
 + Level 0.1 Throwing
 + Level 2.8 Dodging
 + Level 3.3 Stealth
 * Level 1.0 Spellcasting
 + Level 4.2 Evocations


You had 5 spell levels left.
You didn't know any spells.
Your spell library contained the following spells:

 Spells                   Type           Power      Damage    Failure   Level
 Shock                    Conj/Air       0%         1d3       28%         1
 Slow                     Hex            0%         N/A       28%         1
 Sting                    Tmut/Pois      0%         1d3       28%         1
 Poisonous Vapours        Pois/Air       0%         N/A       38%         2
 Confusing Touch          Hex            0%         N/A       63%         3
 Summon Guardian Golem    Hex/Summ       0%         N/A       63%         3
 Swiftness                Air            0%         N/A       63%         3
 Vampiric Draining        Necr           0%         2d6       63%         3
 Airstrike                Air            0%         0-1+      95%         4
 Olgreb's Toxic Radiance  Pois           0%         N/A       95%         4
 Fireball                 Conj/Fire      0%         3d3       100%        5
 Freezing Cloud           Conj/Ice/Air   0%         6-21      100%        5
 Simulacrum               Ice/Necr       0%         N/A       100%        6
 Starburst                Conj/Fire      0%         6d3       100%        6
 Orb of Destruction       Conj           0%         9d5       100%        7
 Spellforged Servitor     Conj/Summ      0%         N/A       100%        7
 Ignition                 Fire           0%         3d3       100%        8
 Polar Vortex             Ice            0%         N/A       100%        9


Dungeon Overview and Level Annotations

Branches:
Dungeon (3/15)

Altars:

Shops:
D:1 :


Innate Abilities, Weirdness & Mutations

You cannot wear most types of armour.
You are amphibious.
You can wear up to eight rings at the same time.
Your skin changes colour to match your surroundings (Stealth+).
Your rubbery body absorbs attacks. (AC +1, EV +1)
((You are camouflaged when in or above water. (Stealth+)))
You have tentacles for arms and can constrict up to eight enemies at once.


Message History

You hit the goblin. You grab the goblin.
The goblin is moderately wounded.
You constrict the goblin. The goblin hits you but does no damage.
You hit the goblin.
You kill the goblin!
Things that are here:
a +0 dagger; a goblin corpse A scorpion comes into view.
The helpless scorpion fails to defend itself.
You hit the scorpion but do no damage. Your grab misses the scorpion.
You squeeze the scorpion.
The scorpion is lightly wounded.
The scorpion stings you!
You are poisoned.
The scorpion poisons you!
You hit the scorpion but do no damage. Your grab misses the scorpion.
The scorpion is lightly wounded.
You feel very sick. The scorpion closely misses you. The scorpion stings you.
You hit the scorpion. Your grab misses the scorpion. You squeeze the scorpion.
The scorpion is severely wounded.
You feel very sick. The scorpion stings you.
You hit the scorpion but do no damage. You grab the scorpion.
You squeeze the scorpion, but do no damage.
The scorpion is severely wounded.
You constrict the scorpion, but do no damage.
You feel sick. The scorpion stings you.
* * * LOW HITPOINT WARNING * * *
The scorpion closely misses you.
It was a potion of cancellation.
You feel magically purged.
You constrict the scorpion, but do no damage.
* * * LOW HITPOINT WARNING * * *
You feel sick. The scorpion barely misses you.
It was a potion of invisibility.
You fade into invisibility!
You constrict the scorpion.
* * * LOW HITPOINT WARNING * * *
You feel sick. The scorpion stings you!
You die...

........##.##.#
....####.......####
....####..#.##.....
#..........##.####
##............#
######.####### #.#
#.##########.#
#....s@......#
##############


You could see a scorpion (unable to see you).

Vanquished Creatures
  An orc wizard (D:3)
  An adder (D:2)
  A worm (D:3)
  2 dart slugs (D:2)
  2 orcs (D:3)
  5 ball pythons
  7 bats
  6 endoplasms (D:1)
  2 giant cockroaches (D:3)
  6 hobgoblins
  3 jackals (D:2)
  4 kobolds
  A quokka (D:1)
  3 frilled lizards
  8 goblins
  4 rats
56 creatures vanquished.

Notes
Turn   | Place    | Note
-------+----------+-------------------------------------------
     0 | D:1      | xian the Octopode Artificer began the quest for the Orb.
     0 | D:1      | Reached XP level 1. HP: 13/13 MP: 1/1
   195 | D:1      | Reached XP level 2. HP: 16/18 MP: 2/2
   498 | D:1      | Reached skill level 4 in Evocations
   790 | D:1      | Reached XP level 3. HP: 23/23 MP: 3/3
  1013 | D:1      | Found Pyss's Book Boutique.
  1793 | D:2      | Reached XP level 4. HP: 28/28 MP: 4/4
  1898 | D:2      | Found a faded altar of an unknown god.
  2663 | D:3      | Reached skill level 1 in Spellcasting
  2853 | D:3      | Noticed a scorpion
  2865 | D:3      | Slain by a scorpion

Illustrated notes

Levels and vault maps discovered:
D:1:      mainiacjoe_arrival_reflecting_pool, layout_loops_ring, serial_shops,
          nicolae_lakefront_shop, minmay_pentomino_u4
D:2:      layout_basic, shapermc_ecumenical_altar_pompeii,
          minmay_misc_feat_encased
D:3:      layout_loops_ring, lightli_temple_of_fire

Skill      XL: |  1  2  3  4 |
---------------+-------------+-----
Evocations     | 4 |  4.2
Stealth        | 2 3 |  3.3
Spellcasting   | 1 |  1.0
Fighting       | |  1.8
Maces & Flails | |  0.5
Throwing       | |  0.1
Dodging        | |  2.8

Action                   |  1- 3 |  4- 6 || total
-------------------------+-------+-------++-------
Melee: Club              |    77 |    37 ||   114
       Constrict         |    25 |    11 ||    36
       Tentacles         |    17 |    11 ||    28
       Punch             |     1 |     1 ||     2
Throw: Javelin           |     4 |     2 ||     6
       Dart              |       |     2 ||     2
  Use: Potion            |       |     2 ||     2
 Stab: Sleeping          |     9 |     2 ||    11
       Distracted        |     2 |       ||     2
Armor: Skin              |     6 |     2 ||     8
Dodge: Dodged            |    75 |    32 ||   107

Table legend: (Time is in decaauts)
 A = Elapsed time spent in this place.
 B = Non-inter-level travel time spent in this place.
 C = Inter-level travel time spent in this place.
 D = Time resting spent in this place.
 E = Time spent auto-exploring this place.
 F = Levels seen in this place.
 G = Mean time per level.
                   A        B        C        D        E       F      G
               +--------+--------+--------+--------+--------+-----+--------+
         Total |   2899 |   2822 |     77 |    264 |   1816 |   3 |  966.3 |
       Dungeon |   2899 |   2822 |     77 |    264 |   1816 |   3 |  966.3 |
               +--------+--------+--------+--------+--------+-----+--------+

Top non-repeatable levels by time:
     D:1: 1266 daAuts
     D:2: 968 daAuts
     D:3: 665 daAuts
